SNL (28 & UNDER)
KEY WEST BARRACUDAS @ WEST VIRGINIA POWER
09/10/2030
 
TOP OF THE 1ST
Key West Barracudas batting - Pitching for West Virginia Power : RHP Carlos Moreno
Pitching: RHP Carlos Moreno
Batting: RHB Rob DeWitt 0-0: Ball
1-0: Ball
2-0: Ball
3-0: Base on Balls
Batting: RHB Ramón Díaz 0-0: Ball
1-0: Ball
2-0: Called Strike
2-1: Ball
Rob DeWitt is caught stealing 2nd base
3-1: Fly out, F3 (Popup, 3S)
Batting: SHB Brock Owens 0-0: Ball
1-0: Fly out, F8 (Line Drive, 78D)
Top of the 1st over - 0 runs, 0 hits, 0 errors, 0 left on base; Key West 0 - West Virginia 0
BOTTOM OF THE 1ST
West Virginia Power batting - Pitching for Key West Barracudas : RHP Chuck Davies
Pitching: RHP Chuck Davies
Batting: RHB Matt Tucker 0-0: SOLO HOME RUN (Flyball, 7LD), Distance : 328 ft
Batting: LHB Ángel Figueiedo 0-0: Ball
1-0: Ball
2-0: Ball
3-0: Called Strike
3-1: DOUBLE (Groundball, 3L)
Batting: RHB Joe Salas 0-0: Called Strike
0-1: Ball
1-1: Swinging Strike
1-2: Ball
2-2: Ball
3-2: Base on Balls
Batting: RHB Luis Montoya 0-0: Ball
1-0: Ball
2-0: Fly out, F9 (Flyball, 9S)
Batting: LHB Wilson Turner 0-0: Grounds into double play, 1-6-3 (Groundball, 13)
Bottom of the 1st over - 1 run, 2 hits, 0 errors, 1 left on base; Key West 0 - West Virginia 1
TOP OF THE 2ND
Key West Barracudas batting - Pitching for West Virginia Power : RHP Carlos Moreno
Batting: RHB Paul Bell 0-0: Swinging Strike
0-1: Fly out, F8 (Flyball, 8RD)
Batting: SHB Júlio Ayala 0-0: Called Strike
0-1: Ball
1-1: Ball
2-1: Ball
3-1: Base on Balls
Batting: LHB Howard White 0-0: Ball
1-0: Swinging Strike
1-1: Swinging Strike
1-2: Ball
2-2: Ball
3-2: Foul Ball, location: 2F
3-2: Foul Ball, location: 2F
3-2: Strikes out swinging
Batting: RHB Ramiro Javier 0-0: Foul Ball, location: 2F
0-1: Ball
1-1: Ball
2-1: Ball
3-1: DOUBLE (Line Drive, 9LS)
Júlio Ayala to third
Runner from 3rd tries for Home, SAFE, no throw
Batting: LHB Mauro Díaz 0-0: Foul Ball, location: 2F
0-1: Ball
1-1: Fly out, F8 (Flyball, 8LD)
Top of the 2nd over - 1 run, 1 hit, 0 errors, 1 left on base; Key West 1 - West Virginia 1
BOTTOM OF THE 2ND
West Virginia Power batting - Pitching for Key West Barracudas : RHP Chuck Davies
Batting: RHB Emory Brooks 0-0: Ball
1-0: Ball
2-0: Called Strike
2-1: Ball
3-1: Base on Balls
Batting: RHB Pedro Echevarría 0-0: Called Strike
0-1: Ball
1-1: Fly out, F8 (Flyball, 8LD)
Batting: RHB Nick Mackin 0-0: Called Strike
0-1: Fly out, F9 (Flyball, 89S)
Batting: RHB Juan Carlos Ramos 0-0: Fielders Choice at 2nd, 5-4 (Groundball, 5)
Bottom of the 2nd over - 0 runs, 0 hits, 0 errors, 1 left on base; Key West 1 - West Virginia 1
TOP OF THE 3RD
Key West Barracudas batting - Pitching for West Virginia Power : RHP Carlos Moreno
Batting: SHB Eric Pimentel 0-0: Ball
1-0: Swinging Strike
1-1: Foul Ball, location: 2F
1-2: Ball
2-2: Strikes out swinging
Batting: RHB Rob DeWitt 0-0: SINGLE (Flyball, 9LM)
Batting: RHB Ramón Díaz 0-0: Called Strike
0-1: Ball
1-1: Called Strike
1-2: Ball
2-2: Ball
3-2: Strikes out looking
Rob DeWitt is caught stealing 2nd base
Batter strikes out.
Top of the 3rd over - 0 runs, 1 hit, 0 errors, 0 left on base; Key West 1 - West Virginia 1
BOTTOM OF THE 3RD
West Virginia Power batting - Pitching for Key West Barracudas : RHP Chuck Davies
Batting: RHB Matt Tucker 0-0: Ball
1-0: Ball
2-0: Ground out U3 (Groundball, 34)
Batting: LHB Ángel Figueiedo 0-0: Called Strike
0-1: Called Strike
0-2: Strikes out looking
Batting: RHB Joe Salas 0-0: Ball
1-0: Called Strike
1-1: Fly out, F6 (Line Drive, 6)
Bottom of the 3rd over - 0 runs, 0 hits, 0 errors, 0 left on base; Key West 1 - West Virginia 1
TOP OF THE 4TH
Key West Barracudas batting - Pitching for West Virginia Power : RHP Carlos Moreno
Batting: SHB Brock Owens 0-0: Ball
1-0: Ball
2-0: Foul Ball, location: 2F
2-1: Foul Ball, location: 2F
2-2: Foul Ball, location: 2F
2-2: Ball
3-2: Foul Ball, location: 2F
3-2: Foul Ball, location: 2F
3-2: Base on Balls
Batting: RHB Paul Bell 0-0: Ball
1-0: Swinging Strike
1-1: Foul Ball, location: 2F
1-2: Foul Ball, location: 2F
1-2: Grounds into double play, 4-6-3 (Groundball, 34)
Batting: SHB Júlio Ayala 0-0: Foul Ball, location: 2F
0-1: Swinging Strike
0-2: Ball
1-2: Strikes out swinging
Top of the 4th over - 0 runs, 0 hits, 0 errors, 0 left on base; Key West 1 - West Virginia 1
BOTTOM OF THE 4TH
West Virginia Power batting - Pitching for Key West Barracudas : RHP Chuck Davies
Batting: RHB Luis Montoya 0-0: Called Strike
0-1: Foul Ball, location: 2F
0-2: Ball
1-2: Ball
2-2: Fly out, F6 (Line Drive, 56)
Batting: LHB Wilson Turner 0-0: Foul Ball, location: 2F
0-1: Ball
1-1: Hit by Pitch
Batting: RHB Emory Brooks 0-0: Ball
1-0: Swinging Strike
1-1: Ball
2-1: Ball
3-1: Base on Balls
Wilson Turner to second
Batting: RHB Pedro Echevarría 0-0: Ball
1-0: Fielders Choice at 2nd, 4-6 (Groundball, 4)
Wilson Turner to third
Batting: RHB Nick Mackin 0-0: Called Strike
0-1: Ball
1-1: Swinging Strike
1-2: Strikes out swinging
Bottom of the 4th over - 0 runs, 0 hits, 0 errors, 2 left on base; Key West 1 - West Virginia 1
TOP OF THE 5TH
Key West Barracudas batting - Pitching for West Virginia Power : RHP Carlos Moreno
Batting: LHB Howard White 0-0: Foul Ball, location: 2F
0-1: Swinging Strike
0-2: SINGLE (Flyball, 78S)
Batting: RHB Ramiro Javier 0-0: Foul Ball, location: 2F
0-1: DOUBLE (Line Drive, 9LD)
Howard White to third
Batting: LHB Mauro Díaz 0-0: Intentional Walk
Batting: SHB Eric Pimentel 0-0: Ball
1-0: Foul Ball, location: 2F
1-1: Ball
2-1: Grounds into fielders choice 4-2 (Groundball, 34)
Ramiro Javier to third
Mauro Díaz to second
Batting: RHB Rob DeWitt 0-0: Called Strike
0-1: DOUBLE (Line Drive, 7LM)
Ramiro Javier scores
Mauro Díaz scores
Eric Pimentel to third
Batting: RHB Ramón Díaz 0-0: 3-RUN HOME RUN (Flyball, 7LD), Distance : 346 ft
Batting: SHB Brock Owens 0-0: Fly out, F7 (Flyball, 78S)
Batting: RHB Paul Bell 0-0: Ball
1-0: SINGLE (Groundball, 4MD)
Batting: SHB Júlio Ayala 0-0: Fly out, F8 (Flyball, 8LS)
Top of the 5th over - 5 runs, 5 hits, 0 errors, 1 left on base; Key West 6 - West Virginia 1
BOTTOM OF THE 5TH
West Virginia Power batting - Pitching for Key West Barracudas : RHP Chuck Davies
Batting: RHB Juan Carlos Ramos 0-0: Ball
1-0: Foul Ball, location: 2F
1-1: Fly out, F9 (Line Drive, 9)
Batting: RHB Matt Tucker 0-0: Foul Ball, location: 2F
0-1: Ball
1-1: Foul Ball, location: 2F
1-2: DOUBLE (Line Drive, 89XD)
Batting: LHB Ángel Figueiedo 0-0: SINGLE (Groundball, 4MD)
Matt Tucker to third
Runner from 3rd tries for Home, SAFE, no throw
Batting: RHB Joe Salas 0-0: Ball
1-0: Foul Ball, location: 2F
1-1: Ball
2-1: Ball
3-1: Base on Balls
Ángel Figueiedo to second
Batting: RHB Luis Montoya 0-0: Called Strike
0-1: Ball
1-1: Called Strike
1-2: Strikes out swinging
Batting: LHB Wilson Turner 0-0: Ball
1-0: Ball
2-0: Called Strike
2-1: Swinging Strike
2-2: TRIPLE (Line Drive, 78XD)
Ángel Figueiedo scores
Joe Salas scores
Batting: RHB Emory Brooks 0-0: Foul Ball, location: 2F
0-1: Ball
1-1: Fly out, F5 (Popup, 5F)
Bottom of the 5th over - 3 runs, 3 hits, 0 errors, 1 left on base; Key West 6 - West Virginia 4
TOP OF THE 6TH
Key West Barracudas batting - Pitching for West Virginia Power : RHP Carlos Moreno
Batting: LHB Howard White 0-0: Ball
1-0: Called Strike
1-1: Ball
2-1: Fly out, F4 (Popup, 34D)
Batting: RHB Ramiro Javier 0-0: Ball
1-0: Foul Ball, location: 2F
1-1: Ball
2-1: Foul Ball, location: 2F
2-2: DOUBLE (Line Drive, 9LM)
Batting: LHB Mauro Díaz 0-0: Intentional Walk
Pitching: RHP Lou Hawkins
Batting: SHB Eric Pimentel 0-0: Fly out, F6 (Popup, 6M)
Batting: RHB Rob DeWitt 0-0: Ball
Mauro Díaz is caught stealing 2nd base
Top of the 6th over - 0 runs, 1 hit, 0 errors, 1 left on base; Key West 6 - West Virginia 4
BOTTOM OF THE 6TH
West Virginia Power batting - Pitching for Key West Barracudas : RHP Chuck Davies
Batting: RHB Pedro Echevarría 0-0: Ground out 1-3 (Groundball, 15S)
Batting: RHB Nick Mackin 0-0: Called Strike
0-1: Foul Ball, location: 2F
0-2: Ground out 5-3 (Groundball, 56)
Batting: RHB Juan Carlos Ramos 0-0: Called Strike
0-1: Ball
1-1: Called Strike
1-2: Strikes out looking
Bottom of the 6th over - 0 runs, 0 hits, 0 errors, 0 left on base; Key West 6 - West Virginia 4
TOP OF THE 7TH
Key West Barracudas batting - Pitching for West Virginia Power : RHP Lou Hawkins
Batting: RHB Rob DeWitt 0-0: Ball
1-0: Foul Ball, location: 2F
1-1: Ball
2-1: Ball
3-1: Hit by Pitch
Batting: RHB Ramón Díaz 0-0: Called Strike
Rob DeWitt steals 2nd base
0-1: Ball
1-1: Foul Ball, location: 2F
1-2: Foul Ball, location: 2F
1-2: Ball
2-2: Ball
3-2: Strikes out swinging
Batting: SHB Brock Owens 0-0: Ball
1-0: Ball
2-0: Ball
3-0: Called Strike
3-1: Ground out 4-3 (Groundball, 4)
Rob DeWitt to third
Batting: RHB Paul Bell 0-0: Called Strike
0-1: Ball
1-1: Ball
2-1: Ball
3-1: SINGLE (Groundball, 4S) (infield hit)
Rob DeWitt scores
Batting: SHB Júlio Ayala 0-0: Foul Ball, location: 2F
0-1: SINGLE (Groundball, 4MD)
Paul Bell to second
Runner from 2nd tries for 3rd, SAFE, no throw
Batting: LHB Howard White 0-0: Ball
1-0: Called Strike
1-1: Ball
2-1: Foul Ball, location: 2F
2-2: Foul Ball, location: 2F
2-2: Ball
3-2: Base on Balls
Júlio Ayala to second
Batting: RHB Ramiro Javier 0-0: Ball
1-0: Ball
2-0: Ball
3-0: Base on Balls
Paul Bell scores
Júlio Ayala to third
Howard White to second
Batting: LHB Mauro Díaz 0-0: Swinging Strike
0-1: Foul Ball, location: 2F
0-2: Foul Ball, location: 2F
0-2: Fly out, F9 (Flyball, 9)
Top of the 7th over - 2 runs, 2 hits, 0 errors, 3 left on base; Key West 8 - West Virginia 4
BOTTOM OF THE 7TH
West Virginia Power batting - Pitching for Key West Barracudas : RHP Chuck Davies
Pitching: RHP José Cuellar
Batting: RHB Matt Tucker 0-0: Foul Ball, location: 2F
0-1: Ball
1-1: Ball
2-1: Ball
3-1: Called Strike
3-2: Fly out, F3 (Line Drive, 3S)
Batting: LHB Ángel Figueiedo 0-0: Foul Ball, location: 2F
0-1: Ground out 4-3 (Groundball, 4)
Batting: RHB Joe Salas 0-0: Swinging Strike
0-1: Foul Ball, location: 2F
0-2: Foul Ball, location: 2F
0-2: Ball
1-2: Strikes out swinging
Bottom of the 7th over - 0 runs, 0 hits, 0 errors, 0 left on base; Key West 8 - West Virginia 4
TOP OF THE 8TH
Key West Barracudas batting - Pitching for West Virginia Power : RHP Lou Hawkins
Batting: SHB Eric Pimentel 0-0: Ball
1-0: Ball
2-0: Ball
3-0: Called Strike
3-1: Base on Balls
Batting: RHB Rob DeWitt 0-0: Ball
1-0: Fly out, F7 (Flyball, 7S)
Batting: RHB Ramón Díaz 0-0: Foul Ball, location: 2F
0-1: Ball
1-1: Called Strike
1-2: Foul Ball, location: 2F
1-2: Foul Ball, location: 2F
1-2: Ball
2-2: Foul Ball, location: 2F
2-2: Ball
3-2: Foul Ball, location: 2F
3-2: Strikes out looking
Batting: SHB Brock Owens 0-0: Foul Ball, location: 2F
0-1: Ball
Eric Pimentel steals 2nd base
1-1: Swinging Strike
1-2: Foul Ball, location: 2F
1-2: Ground out U3 (Groundball, 3)
Top of the 8th over - 0 runs, 0 hits, 0 errors, 1 left on base; Key West 8 - West Virginia 4
BOTTOM OF THE 8TH
West Virginia Power batting - Pitching for Key West Barracudas : RHP José Cuellar
Batting: RHB Luis Montoya 0-0: SINGLE (Groundball, 56D)
Batting: LHB Wilson Turner 0-0: Ball
1-0: Ball
2-0: Ball
3-0: Called Strike
3-1: Foul Ball, location: 2F
3-2: Strikes out looking
Luis Montoya steals 2nd base
Batter strikes out.
Batting: RHB Emory Brooks 0-0: Ball
1-0: Swinging Strike
1-1: Swinging Strike
1-2: Strikes out looking
Batting: RHB Pedro Echevarría 0-0: Called Strike
0-1: Ball
1-1: Called Strike
1-2: Ball
2-2: Ball
3-2: Strikes out swinging
Bottom of the 8th over - 0 runs, 1 hit, 0 errors, 1 left on base; Key West 8 - West Virginia 4
TOP OF THE 9TH
Key West Barracudas batting - Pitching for West Virginia Power : RHP Lou Hawkins
Batting: RHB Paul Bell 0-0: Fly out, F7 (Flyball, 7S)
Batting: SHB Júlio Ayala 0-0: Ball
1-0: Ball
2-0: Ball
3-0: Base on Balls
Pitching: RHP Eric Murphy
Batting: LHB Howard White 0-0: Ball
1-0: Called Strike
1-1: Ball
2-1: Called Strike
2-2: Strikes out swinging
Batting: RHB Ramiro Javier 0-0: SINGLE (Line Drive, 3)
Júlio Ayala to second
Runner from 2nd tries for 3rd, SAFE, throw made to third
Batting: LHB Mauro Díaz 0-0: Called Strike
0-1: Foul Ball, location: 2F
0-2: SINGLE (Flyball, 9LS)
Júlio Ayala scores
Ramiro Javier to second
Runner from 2nd tries for 3rd, SAFE, no throw
Batting: SHB Eric Pimentel 0-0: Called Strike
0-1: Fly out, F7 (Line Drive, 7S)
Top of the 9th over - 1 run, 2 hits, 0 errors, 2 left on base; Key West 9 - West Virginia 4
BOTTOM OF THE 9TH
West Virginia Power batting - Pitching for Key West Barracudas : RHP José Cuellar
Batting: RHB Nick Mackin 0-0: Called Strike
0-1: Foul Ball, location: 2F
0-2: Ball
1-2: Ball
2-2: Foul Ball, location: 2F
2-2: Ball
3-2: Strikes out looking
Batting: RHB Juan Carlos Ramos 0-0: Ball
1-0: Foul Ball, location: 2F
1-1: Ground out U3 (Groundball, 34)
Batting: RHB Matt Tucker 0-0: Foul Ball, location: 2F
0-1: Ball
1-1: Ground out 4-3 (Groundball, 4)
Bottom of the 9th over - 0 runs, 0 hits, 0 errors, 0 left on base; Key West 9 - West Virginia 4
Saturday, April 7th, 2018 - OOTP Baseball 18.8 Build 76